 Dungeon Crawl Stone Soup version 0.15-a0-1549-gb42009b (webtiles) character file.

133 Quh the Magician (level 4, -11/30 HPs)
             Began as a Demonspawn Wizard on June 17, 2014.
             Killed by divine providence
             ... invoked by an orc priest
              (13 damage)
             ... on Level 3 of the Dungeon.
             The game lasted 00:16:09 (2765 turns).

Quh the Magician (Demonspawn Wizard)                Turns: 2765, Time: 00:16:09

HP -11/30        AC  5     Str  7      XL: 4   Next: 94%
MP   3/9         EV 15     Int 20      God:
Gold 120         SH  0     Dex 12      Spells:  4 memorised,  2 levels left

rFire  . . .     SeeInvis .     t - +1 dagger (elec)
rCold  . . .     Clarity  .     q - +2 robe
rNeg   . . .     rCorr    .     (no shield)
rPois  .         rRot     .     (helmet restricted)
rElec  .         Spirit   .     (no cloak)
SustAb .         Warding  .     (no gloves)
rMut   .         Stasis   .     (no boots)
Gourm  .                        (no amulet)
MR     .....                    (no ring)
                                B - +3 ring of evasion

@: slowed, very slow, not resistant to hostile enchantments, unstealthy
A: horns 1, molten scales 1
a: no special abilities


You were on level 3 of the Dungeon.
You were hungry.

You visited 1 branch of the dungeon, and saw 3 of its levels.

You collected 120 gold pieces.

Inventory:

Hand weapons
 f - a +0 dagger
 h - a +0 short sword
 s - a +0 spear
 t - a +1 dagger of electrocution (weapon)
 A - a +0 club
Missiles
 e - 23 stones (quivered)
 g - 13 poisoned arrows
Armour
 a - a +0 robe
 b - a +0 hat
 j - a +0 helmet
 m - a +0 robe
 q - a +2 robe (worn)
 r - a cursed +0 helmet
Magical devices
 y - a wand of fireball (5) {unknown}
Comestibles
 d - a bread ration
Scrolls
 i - 4 scrolls of identify {unknown}
 n - a scroll of immolation {unknown}
 p - a scroll of fog {unknown}
 v - a scroll of teleportation {unknown}
 w - a scroll of noise {unknown}
 C - a scroll of magic mapping {unknown}
 E - a scroll of amnesia {unknown}
Jewellery
 B - a +3 ring of evasion (left hand)
Potions
 k - a potion of confusion {unknown}
 l - 2 potions of heal wounds
 o - a potion of curing {unknown}
 u - 2 potions of flight {unknown}
 z - a potion of lignification {unknown}
Books
 c - a book of Minor Magic

   Spells                             Type                      Level
   *Magic Dart                        Conjuration                  1
   *Blink                             Translocation                2
   *Call Imp                          Summoning                    2
   *Repel Missiles                    Charms/Air                   2
   Slow                               Hexes                        2
   Conjure Flame                      Conjuration/Fire             3
   Mephitic Cloud                     Conjuration/Poison/Air       3


   Skills:
 - Level 1.7 Dodging
 - Level 1.7 Stealth
 * Level 3.2 Spellcasting
 * Level 3.0 Conjurations
 * Level 2.4 Summonings
 * Level 2.2 Translocations


You had 2 spell levels left.
You knew the following spells:

 Your Spells              Type           Power        Failure   Level  Hunger
a - Magic Dart            Conj           ###.         4%          1    None
b - Blink                 Tloc           N/A          10%         2    ##.....
c - Call Imp              Summ           ##......     10%         2    ##.....
d - Repel Missiles        Chrm/Air       #.....       24%         2    ##.....


Dungeon Overview and Level Annotations

Branches:
Dungeon (3/15)

Altars:
Dithmenos
Gozag
Sif Muna
Trog


Innate Abilities, Weirdness & Mutations

You have a pair of small horns on your head.
You are partially covered in molten scales (AC +1).


Message History

The magic dart hits you!
The orc wizard mumbles some strange words.
The orc wizard blinks!
You open the door. The orc barely misses you. The orc barely misses you.
The orc hits you but does no damage.
The orc priest mumbles some strange prayers to Beogh against you.
Something smites you!
* * * LOW HITPOINT WARNING * * *
There is an open door here.
The orc wizard closely misses you.
The orc priest becomes somewhat translucent.
The orc wizard hits you but does no damage.
The orc wizard casts a spell.
The orc wizard blinks!
The orc wizard casts a spell at you. The magic dart hits you!
* * * LOW HITPOINT WARNING * * *
The orc priest mumbles some strange prayers to Beogh against you.
Something smites you!
You die...

########### #.........#
##.........###############
.'........o'o.o....o.......
##.........#####@#####......
.............................
..........................>..#
################..#.##.......#
#.............#..........#
#..............##........#
###............#..#........#
##
...............+..#........#
#. #............#..#....(...#
#.


You could see an orc priest, an orc wizard and 2 orcs.

Vanquished Creatures
  An orc wizard (D:2)
  4 adders (D:2)
  2 worms (D:2)
  An orc (D:3)
  A giant cockroach (D:2)
  2 goblins
  3 hobgoblins
  8 kobolds
  A ball python (D:3)
  4 bats
  2 giant geckos
  3 giant newts
  8 rats
40 creatures vanquished.

Vanquished Creatures (collateral kills)
  Ijyb (D:2)
  A worm (D:3)
  A hobgoblin (D:2)
  A goblin (D:2)
4 creatures vanquished.

Vanquished Creatures (others)
  A shadow imp (D:3)
1 creature vanquished.

Grand Total: 45 creatures vanquished

Notes
Turn   | Place    | Note
--------------------------------------------------------------
     0 | D:1      | Quh, the Demonspawn Wizard, began the quest for the Orb.
     0 | D:1      | Reached XP level 1. HP: 13/13 MP: 4/4
   716 | D:1      | Gained mutation: You are partially covered in molten scales (AC +1). [demonic ancestry]
   716 | D:1      | Reached XP level 2. HP: 13/19 MP: 3/6
   748 | D:1      | Learned a level 2 spell: Blink
   751 | D:1      | Learned a level 2 spell: Call Imp
   754 | D:1      | Learned a level 2 spell: Repel Missiles
   765 | D:1      | Reached skill level 1 in Translocations
  1338 | D:2      | Gained mutation: You have a pair of small horns on your head. [demonic ancestry]
  1338 | D:2      | Reached XP level 3. HP: 21/24 MP: 1/7
  1852 | D:2      | Found a bloodstained altar of Trog.
  1888 | D:2      | Noticed Ijyb
  1895 | D:2      | Killed Ijyb
  1895 | D:2      | Reached XP level 4. HP: 30/30 MP: 0/9
  2046 | D:2      | Found a deep blue altar of Sif Muna.
  2157 | D:2      | Found a shadowy altar of Dithmenos.
  2527 | D:3      | Found an opulent altar of Gozag.
  2765 | D:3      | Killed from afar by an orc priest

Action                   |  1- 3 |  4- 6 || total
-------------------------+-------+-------++-------
Melee: Dagger            |    27 |    12 ||    39
       Short sword       |     2 |       ||     2
       Spear             |     6 |       ||     6
       Unarmed           |     1 |       ||     1
 Cast: Magic Dart        |    62 |    34 ||    96
       Call Imp          |     4 |     3 ||     7
  Use: Potion            |       |     1 ||     1
